 Dungeon Crawl Stone Soup version 0.28-b1-25-g9875b3fc8c (webtiles) character file.

Game seed: 13154956129989915435

230 crazypyro the Chopper (level 5, -5/41 HPs)
             Began as a Demonspawn Berserker on Jan 31, 2022.
             Was a Believer of Trog.
             Slain by Crazy Yiuf (9 damage)
             ... on level 2 of the Dungeon.
             The game lasted 00:02:37 (1545 turns).

crazypyro the Chopper (Demonspawn Berserker)        Turns: 1545, Time: 00:02:40

Health: -5/41      AC:  3    Str: 20    XL:     5   Next: 72%
Magic:  5/5        EV: 12    Int:  8    God:    Trog [**....]
Gold:   72         SH:  0    Dex: 12    Spells: 4/4 levels left

rFire   . . .      SeeInvis .   a - +0 hand axe
rCold   . . .      Faith    .   (no shield)
rNeg    . . .      Spirit   .   b - +0 animal skin
rPois   .          Reflect  .   (no helmet)
rElec   .          Harm     .   (cloak unavailable)
rCorr   .          Rampage  .   (no gloves)
Will    .....                   c - +0 pair of boots
Stlth   +.........              (no amulet)
HPRegen 0.13/turn               (no ring)
MPRegen 0.09/turn               (no ring)

@: lethally poisoned (-5 -> -16)
A: weakness stinger 3
a: Renounce Religion, Berserk, Trog's Hand


You were on level 2 of the Dungeon.
You worshipped Trog.
Trog was pleased with you.
You visited 1 branch of the dungeon, and saw 2 of its levels.

You collected 72 gold pieces.

Inventory:

Hand Weapons
 a - a +0 hand axe (weapon)
 n - a +2 mace of draining
Armour
 b - a +0 animal skin (worn)
 c - a +0 pair of boots (worn)
 k - a +2 robe of willpower
Jewellery
 i - an amulet of magic regeneration
Scrolls
 e - a scroll of identify {unknown}
 g - a scroll of magic mapping {unknown}
Potions
 d - a potion of might
 f - a potion of haste {unknown}
 h - a potion of brilliance {unknown}
 j - 2 potions of magic {unknown}
 l - a potion of attraction {unknown}
 m - a potion of ambrosia {unknown}


   Skills:
 - Level 3.0 Fighting
 * Level 5.0 Axes
 + Level 2.8 Armour
 + Level 2.7 Dodging


You had 4 spell levels left.
You didn't know any spells.
Your spell library was empty.

Dungeon Overview and Level Annotations

Branches:
Dungeon (2/15)

Altars:

Annotations:
D:2 Crazy Yiuf


Innate Abilities, Weirdness & Mutations

You have a sharp stinger which inflicts weakening toxins.


Message History

You see here a +0 mace.
You see here a +2 mace of draining.
n - a +2 mace of draining You see here a +0 mace of protection.
You see here a +0 mace.
Found five maces, a glowing mace and a faintly glowing mace.
Found a runed translucent door.
You see here a +0 mace.
Found a mace.
Crazy Yiuf shouts!
You see here a +0 mace.
You see here a +0 mace.
Found three maces.
You see here a +0 mace.
You open the door.
Crazy Yiuf laughs, "Castle!"
You hit Crazy Yiuf.
Crazy Yiuf is lightly wounded.
Crazy Yiuf misses you.
You barely miss Crazy Yiuf. You tail-slap Crazy Yiuf.
Crazy Yiuf looks weaker.
Crazy Yiuf is heavily wounded.
Crazy Yiuf completely misses you.
You closely miss Crazy Yiuf.
Crazy Yiuf is heavily wounded.
Crazy Yiuf drinks a potion.
Crazy Yiuf seems to grow stronger.
You hit Crazy Yiuf.
Crazy Yiuf is heavily wounded.
Crazy Yiuf yells, "Hah cower King!"
Crazy Yiuf barely misses you.
You closely miss Crazy Yiuf.
Crazy Yiuf is heavily wounded.
Crazy Yiuf hits you with a +3 quarterstaff of chaos!
You are poisoned.
You hit Crazy Yiuf but do no damage.
Crazy Yiuf is heavily wounded.
You feel very sick.
Crazy Yiuf hits you with a +3 quarterstaff of chaos!!
* * * LOW HITPOINT WARNING * * *
Crazy Yiuf burns you!
You die...

###......
####........
#...>.#####.
#####
#...........
#).)#
#....)......
#)))#
#...########
))) #...#
#g# #...#
##@# #.###
#)## #.#
##)# #.#
#)## #.#
##)## #.#
#)))## #.#
#.)))# #.#
#))))# #.#
#))))####.#


You could see Crazy Yiuf (strong, weak).

Vanquished Creatures
  Sigmund (D:2)
  Jessica (D:2)
  An adder (D:2)
  A worm (D:2)
  2 dart slugs (D:1)
  2 endoplasms (D:1)
  4 giant cockroaches (D:1)
  2 goblins
  3 hobgoblins (D:1)
  A quokka (D:1)
  7 ball pythons (D:1)
  A frilled lizard (D:1)
  5 kobolds
  4 rats
35 creatures vanquished.

Vanquished Creatures (others)
  4 toadstools (D:1)
4 creatures vanquished.

Grand Total: 39 creatures vanquished

Notes
Turn   | Place    | Note
-------+----------+-------------------------------------------
     0 | D:1      | crazypyro the Demonspawn Berserker began the quest for the
                  | Orb.
     0 | D:1      | Reached XP level 1. HP: 18/18 MP: 1/1
    23 | D:1      | Reached skill level 3 in Axes
   202 | D:1      | Gained mutation: You have a small tail. [demonic ancestry]
   202 | D:1      | Reached XP level 2. HP: 21/24 MP: 2/2
   739 | D:1      | Gained mutation: You have a tail ending in a sharp stinger.
                  | [demonic ancestry]
   739 | D:1      | Reached XP level 3. HP: 20/29 MP: 3/3
  1133 | D:2      | Reached skill level 4 in Axes
  1153 | D:2      | Noticed Jessica
  1155 | D:2      | Reached ** piety under Trog
  1162 | D:2      | Killed Jessica
  1163 | D:2      | Gained mutation: You have a sharp stinger which inflicts
                  | weakening toxins. [demonic ancestry]
  1163 | D:2      | Reached XP level 4. HP: 31/35 MP: 4/4
  1221 | D:2      | Noticed Sigmund
  1246 | D:2      | Killed Sigmund
  1247 | D:2      | Reached skill level 5 in Axes
  1247 | D:2      | Reached XP level 5. HP: 16/41 MP: 5/5
  1535 | D:2      | Found a runed translucent door.
  1536 | D:2      | Noticed Crazy Yiuf
  1545 | D:2      | Slain by Crazy Yiuf

Illustrated notes

Levels and vault maps discovered:
D:1:      ldierk_walled_garden_2, layout_basic, amcnicky_mini_corridor_feature
D:2:      layout_rooms, kennysheep_path_1, kennysheep_potato, uniq_sigmund,
          uniq_crazy_yiuf_cottage, uniq_jessica

Skill      XL: |  1  2  3  4 |
---------------+-------------+-----
Axes           | 3 4 5 |  5.0
Armour         | 2 |  2.8
Dodging        | 2 |  2.7
Fighting       | |  3.0

Action                   |  1- 3 |  4- 6 || total
-------------------------+-------+-------++-------
Melee: Hand axe          |    60 |    23 ||    83
       Tailslap          |    11 |     4 ||    15
Invok: Berserk           |       |     1 ||     1
       Trog's Hand       |       |     1 ||     1
 Stab: Sleeping          |     1 |       ||     1
Armor: Animal skin       |    11 |     6 ||    17
Dodge: Dodged            |    22 |     9 ||    31
